 Dungeon Crawl Stone Soup version 0.21.0-3-g78d12a8bdd (webtiles) character file.

378046 dangdung the Minotaur Blade (level 21, -2/213 HPs)
             Began as a Minotaur Berserker on Jan 13, 2018.
             Was a High Priest of Trog.
             Slain by a fire elemental (3 damage)
             ... on level 3 of the Elven Halls on Jan 14, 2018.
             The game lasted 05:14:33 (43028 turns).

dangdung the Minotaur Blade (Minotaur Berserker)   Turns: 43028, Time: 05:14:34

Health: -2/213     AC: 42    Str: 27    XL:     21   Next: 84%
Magic:  0/6        EV: 21    Int:  7    God:    Trog [*****.]
Gold:   2415       SH:  0    Dex: 16    Spells: 20/20 levels left

rFire    + + .     SeeInvis .   b - +9 triple sword (antimagic)
rCold    + + +     Gourm    .   (shield currently unavailable)
rNeg     . . .     Faith    .   F - +13 crystal plate armour
rPois    +         Spirit   +   (helmet restricted)
rElec    .         Reflect  .   s - scarf {rC+ rF+}
rCorr    .         Harm     .   P - +0 pair of gloves
MR       +++..                  V - +0 pair of boots
Stlth    ..........             p - amulet of Divine Compulsion {Spirit Str+7 Int+3 Stlth-}
HPRegen  1.45/turn              l - ring of protection from fire
MPRegen  0.10/turn              H - ring "Wilegeke" {rPois rC++ EV+5 Str-4 Slay+3}

@: very slightly contaminated, starving, regenerating, drained
A: retaliatory headbutt, horns 2, blink, weak 1
}: 2/15 runes: decaying, gossamer
a: Blink, Berserk, Trog's Hand, Brothers in Arms, Burn Spellbooks, Renounce
Religion


You were on level 3 of the Elven Halls.
You worshipped Trog.
Trog was extremely pleased with you.
You were starving.

You visited 7 branches of the dungeon, and saw 38 of its levels.
You visited the Abyss 1 time.
You visited 1 bazaar.
You also visited: Labyrinth and Desolation.

You collected 4327 gold pieces.
You spent 1912 gold pieces at shops.

Inventory:

Hand Weapons
 a - a +0 great sword of flaming
 b - a +9 antimagic triple sword (weapon)
Armour
 s - a scarf of resistance (worn)
 F - a +13 crystal plate armour (worn)
 M - a +1 shield of protection
 P - a +0 pair of gloves (worn)
 V - a +0 pair of boots (worn)
Jewellery
 l - a ring of protection from fire (left hand)
 p - the amulet of Divine Compulsion (around neck) {Spirit Str+7 Int+3 Stlth-}
   (You found it in a labyrinth)

   [amulet of guardian spirit]

   It causes incoming damage to be split between your health and magic.
   It affects your strength (+7).
   It affects your intelligence (+3).
   It makes you less stealthy.
 v - an uncursed ring of resist corrosion
 w - the ring of the Sun {AC+2 Str+5}
   (You found it in a labyrinth)

   [ring of protection]

   It affects your AC (+2).
   It affects your strength (+5).
 y - an uncursed ring of protection from magic
 B - the ring of Quuts {+Inv rPois MP-9 Str+5}
   (You found it in a labyrinth)

   [ring of strength]

   It affects your strength (+5).
   It protects you from poison.
   It affects your magic capacity (-9).
   It lets you turn invisible.
 H - the ring "Wilegeke" (right hand) {rPois rC++ EV+5 Str-4 Slay+3}
   (You bought it in a shop on level 2 of the Orcish Mines)

   [ring of evasion]

   It affects your evasion (+5).
   It affects your strength (-4).
   It affects your accuracy and damage with ranged weapons and melee attacks
   (+3).
   It greatly protects you from cold.
   It protects you from poison.
Wands
 h - a wand of acid (40)
 t - a wand of flame (160)
 K - a wand of paralysis (52)
 O - a wand of clouds (10)
 S - a wand of disintegration (33)
 T - a wand of enslavement (28)
 Y - a wand of digging (71)
Scrolls
 f - a scroll of blinking
 g - 20 scrolls of teleportation
 i - a scroll of brand weapon
 o - 4 scrolls of fear
 q - 8 scrolls of fog
 u - 15 scrolls of remove curse
 A - 5 scrolls of enchant weapon
 E - 6 scrolls of identify
 J - 4 scrolls of magic mapping
 W - a scroll of silence
 Z - 2 scrolls of summoning
Potions
 d - 5 potions of agility
 e - 10 potions of flight
 j - 5 potions of haste
 k - 14 potions of curing
 m - a potion of ambrosia
 r - 4 potions of might
 x - 3 potions of magic
 C - a potion of cancellation
 D - a potion of mutation
 L - 6 potions of heal wounds
 N - 2 potions of invisibility
 U - 2 potions of resistance
Books
 z - a book of Enchantments

   Spells                             Type                      Level
   a - Cause Fear                     Hexes                        4
   b - Yara's Violent Unravelling     Hexes/Transmutation          5
   c - Silence                        Hexes/Air                    5
   d - Deflect Missiles               Charms/Air                   6
   e - Discord                        Hexes                        8
   Trog disapproves of the use of such an item.
 I - the Reference Book on Excruciating Dislocation
   (You found it on level 4 of the Vaults)

   Spells                             Type                      Level
   a - Shock                          Conjuration/Air              1
   b - Blink                          Translocation                2
   c - Gell's Gravitas                Translocation                3
   d - Teleport Other                 Translocation                3
   e - Dispersal                      Translocation                6
   Trog disapproves of the use of such an item.
 Q - a book of Summonings

   Spells                             Type                      Level
   a - Recall                         Summoning/Translocation      3
   b - Aura of Abjuration             Summoning                    5
   c - Summon Demon                   Summoning                    5
   d - Summon Forest                  Summoning/Translocation      5
   e - Summon Mana Viper              Hexes/Summoning              5
   f - Shadow Creatures               Summoning                    6
   Trog disapproves of the use of such an item.
 X - a book of Frost

   Spells                             Type                      Level
   a - Freeze                         Ice                          1
   b - Throw Frost                    Conjuration/Ice              2
   c - Ozocubu's Armour               Charms/Ice                   3
   d - Throw Icicle                   Conjuration/Ice              4
   e - Summon Ice Beast               Ice/Summoning                4
   Trog disapproves of the use of such an item.
Comestibles
 c - 45 rations


   Skills:
 + Level 23.7(22.3) Fighting
 + Level 24.5(23.1) Long Blades
 + Level 20.3(19.0) Armour
 + Level 18.9(17.7) Dodging


You had 20 spell levels left.
You didn't know any spells.

Dungeon Overview and Level Annotations

Branches:
Dungeon (15/15)            Temple (0/1) D:4            Lair (6/6) D:8
  Swamp (4/4) Lair:4       Spider (4/4) Lair:4        Slime (0/5) Lair:5
    Orc (2/2) D:12            Elf (3/3) Orc:2        Vaults (4/5) D:14
  Crypt (0/3) Vaults:2     Depths (0/5) D:15

Altars:
Ashenzari
Dithmenos
Elyvilon
Gozag
Hepliaklqana
Nemelex Xobeh
Okawaru
Sif Muna
Trog
Uskayaw
Vehumet
Xom
Yredelemnul
Zin
The Shining One
Beogh

Shops:
D:8 ?:?*:   D:11 *   D:13 %   Orc:2 (:=(   Vaults:3 (   Vaults:4 [


Innate Abilities, Weirdness & Mutations

You reflexively headbutt those who attack you in melee.
You have a pair of horns on your head.
You can translocate small distances at will.
You are weak. (Str -2)


Message History

The Tzitzimitl calls on the powers of darkness!
The deep elf demonologist convulses!
Your body is wracked with pain!
* * * LOW HITPOINT WARNING * * *
Your crystal plate armour prevents you from hitting the deep elf demonologist.
Your headbutt misses the deep elf demonologist.
The deep elf demonologist is almost dead.
You are starving!
You cut the deep elf demonologist into ribbons!!!
You kill the deep elf demonologist!
Trog accepts your kill.
Trog appreciates your killing of a magic user.
The Tzitzimitl disappears in a puff of smoke!
The ice devil disappears in a puff of smoke!
The orange demon disappears in a puff of smoke!
The deep elf master archer wields a longbow.
The deep elf master archer shoots an arrow.
The arrow hits you!!
* * * LOW HITPOINT WARNING * * *
The fire elemental hits you. The fire elemental burns you! You resist.
You die...

≈... #######.........# #)#
≈... #.....'.........# #.#
...# #######.........# #.#
...# #.........# #.# ..#
##.......## #.# .## ##.§)..##
#.# ### ##e###'## #.# #'##
#§# ##)## #.# ##.##### #@#
##4###.# ##.##.## #E#
##'##(### ##'^..## #§#
##)e)..# ##.....## #§#
##(....## ##.......## #§#
#...e...# ##'######## #.#
#.(.{...# ##.(.....## #§#
#.)4§...# ##..)).'## #.#
##e.....##
##'#.))##.#####'#####1#.....#


You could see a deep elf master archer and a fire elemental.

Vanquished Creatures
  Mara (Vaults:3)
  Sojobo (Vaults:3)
  Boris (Vaults:4)
  Arachne (Spider:3)
  Jorgrun (Vaults:3)
  A tentacled monstrosity (Vaults:4)
  A deep elf blademaster (Elf:3)
  2 deep elf master archers (Elf:3)
  A sphinx (Vaults:2)
  Kirke (Lair:6)
  5 thorn hunters
  A storm dragon (Vaults:4)
  3 tengu reavers
  The ghost of surr the Black Belt, an adept KoCK of Xom (Elf:1)
  A frost giant (Vaults:3)
  An orc warlord (Vaults:2)
  3 fire giants
  16 vault wardens
  6 emperor scorpions
  An angel (Abyss:3)
  3 deep elf sorcerers (Elf:3)
  6 ghost moths
  11 ironheart preservers
  5 deep elf elementalists
  4 stone giants
  4 very ugly things (Vaults:1)
  7 deep elf demonologists
  2 war gargoyles (Vaults:4)
  2 ophanim (Abyss:3)
  An entropy weaver (Spider:3)
  5 deep elf annihilators
  A yellow draconian (Abyss:3)
  Snorg (Orc:1)
  The ghost of Rrauwl the Severer, a journeyman HOBe of Trog (D:12)
  3 ettins
  3 deep elf death magi
  A minotaur (Lab)
  Erolcha (D:9)
  A fire dragon (Vaults:4)
  A deep elf high priest (Elf:3)
  6 ice dragons
  A great orb of eyes (Vaults:1)
  14 vault guards
  24 hydras
  7 yaktaur captains
  Fannar (Lair:2)
  2 ghost crabs
  2 rakshasas
  A peacekeeper (Vaults:4)
  6 centaur warriors
  3 death knights
  52 two-headed ogres
  5 alligators
  27 dancing weapons
  16 ogre magi
  Urug (Lair:5)
  4 thrashing horrors (Abyss:3)
  5 orc high priests
  Nergalle (Lair:2)
  A deep troll shaman (Vaults:2)
  2 wretched stars (Abyss:3)
  A shadow wraith (Vaults:2)
  10 deep trolls
  3 skeletal warriors (Vaults:1)
  16 deep elf knights
  A sixfirhy (Abyss:3)
  2 unseen horrors
  A spriggan druid (Swamp:3)
  2 cherubim (Abyss:3)
  An unseen horror (shapeshifter) (D:15)
  5 shambling mangroves
  A spatial maelstrom (Abyss:3)
  2 obsidian statues
  5 wizards
  14 ironbrand convokers
  7 swamp dragons
  A harpy (Vaults:1)
  13 deep elf archers
  3 necromancers
  16 orb spiders
  19 orc knights
  7 cyclopes
  24 wolf spiders
  49 deep elf magi
  3 orc sorcerers
  A manticore (D:15)
  18 ugly things
  A tengu skeleton (Vaults:1)
  2 worldbinders (Abyss:3)
  An oklob plant (Lair:3)
  2 large abominations (Abyss:3)
  2 manticores (shapeshifter) (Vaults:4)
  4 elephants (Lair:5)
  14 vault sentinels
  2 gargoyles
  4 black mambas
  3 molten gargoyles (Elf:1)
  13 spiny frogs
  6 komodo dragons
  2 kobold demonologists (D:11)
  34 yaktaurs
  8 freezing wraiths
  11 demonic crawlers
  A yaktaur skeleton (Vaults:1)
  A jumping spider (shapeshifter) (Vaults:1)
  14 trolls
  29 hornets
  A meliai (shapeshifter) (Vaults:1)
  5 polar bears
  9 saltlings
  A queen bee (D:12)
  3 wind drakes (Elf:1)
  3 blink frogs (Swamp:1)
  A wind drake (shapeshifter) (D:14)
  36 jumping spiders
  45 slime creatures
  7 bog bodies
  12 hippogriffs
  2 stone giant simulacra (Vaults:3)
  2 tyrant leeches (Lair:4)
  An iron dragon simulacrum (Abyss:3)
  4 wraiths
  A flying skull (Abyss:3)
  56 redbacks
  A shadow (Swamp:2)
  5 air elementals
  35 yaks
  9 water elementals
  20 tarantellas
  17 spriggans
  Sigmund (D:5)
  6 wyverns
  3 fire elementals (Elf:1)
  3 basilisks
  8 hungry ghosts
  7 hogs (Lair:6)
  A human (shapeshifter) (Vaults:3)
  A basilisk (shapeshifter) (Elf:2)
  The ghost of Zaque the Cudgeler, an amateur DsMo (D:3)
  A human (D:10)
  3 wargs
  8 vampire mosquitoes
  A steam dragon (shapeshifter) (Vaults:4)
  A two-headed ogre zombie (D:12)
  9 insubstantial wisps (Swamp:1)
  3 soldier ants
  2 spatial vortices (Abyss:3)
  24 swamp worms
  An acid dragon (Vaults:1)
  Duvessa (D:4)
  A water moccasin (shapeshifter) (Vaults:1)
  9 porcupines
  13 water moccasins
  3 phantoms
  5 black bears
  47 orc warriors
  4 ice beasts
  7 starcursed masses (Abyss:3)
  8 sky beasts
  15 swamp drakes
  An eye of draining (shapeshifter) (Vaults:3)
  18 wolves
  40 ogres
  13 boggarts
  2 elf skeletons (Vaults:1)
  11 centaurs
  A human skeleton (Vaults:3)
  9 crocodiles
  2 big kobolds
  2 human zombies
  An elf zombie (Elf:1)
  2 wyvern zombies
  8 bullfrogs
  Dowan (D:4)
  7 earth elementals
  2 scorpions
  4 troll zombies
  A human simulacrum (Vaults:3)
  12 killer bees
  26 wights
  2 troll skeletons (Swamp:1)
  2 electric eels (Lair:2)
  2 howler monkeys
  2 bullfrog zombies
  4 centaur zombies
  4 crimson imps
  A quasit (D:12)
  6 hounds
  21 orc priests
  16 orc wizards
  2 jellies
  4 centaur skeletons
  2 iguanas
  Jessica (Elf:3)
  A bullfrog skeleton (D:8)
  Crazy Yiuf (D:2)
  Terence (D:2)
  Natasha (D:3)
  11 worker ants
  5 ogre zombies (D:12)
  A hound skeleton (D:10)
  Robin (D:4)
  3 gnolls (D:6)
  8 adders
  6 shadow imps
  An ufetubus (Abyss:3)
  2 oozes
  An adder zombie (D:6)
  7 worms
  A dart slug (D:4)
  7 leopard geckos
  102 orcs
  3 ball pythons
  5 giant cockroaches
  9 goblins
  5 hobgoblins
  14 jackals
  18 kobolds
  5 quokkas
  4 bats
  4 frilled lizards
  6 goblin zombies (D:12)
  2 hobgoblin skeletons (D:12)
  5 hobgoblin zombies (D:12)
  4 orc skeletons (D:12)
  8 orc zombies (D:12)
  2 quokka skeletons
  5 rats
  A spectral orc (D:2)
  A fire vortex (Elf:1)
  2 plants
1640 creatures vanquished.

Vanquished Creatures (collateral kills)
  A vault warden (Vaults:4)
  An ironheart preserver (Vaults:4)
  2 stone giants (Vaults:4)
  A hydra (Lair:3)
  A centaur warrior (D:15)
  A tengu warrior (D:15)
  A two-headed ogre (Vaults:4)
  A small abomination (Elf:3)
  2 orc knights (Orc:1)
  An ironbrand convoker (Vaults:4)
  2 yaktaurs (Vaults:4)
  A meliai (shapeshifter) (Vaults:4)
  A spriggan (Lair:6)
  A human (shapeshifter) (Vaults:4)
  A porcupine (Lair:3)
  A wolf (Lair:6)
19 creatures vanquished.

Vanquished Creatures (others)
  A deep elf high priest (Elf:3)
  2 deep elf magi (Elf:3)
  A yaktaur (Vaults:4)
  A redback (Spider:4)
  A tarantella (Spider:3)
  A boggart (Vaults:3)
  An orc wizard (Vaults:2)
  An orc (Vaults:2)
  A bush (Lair:3)
  2 fire vortices (Elf:1)
  8 fungi
  15 plants (D:15)
35 creatures vanquished.

Grand Total: 1694 creatures vanquished

Notes
Turn   | Place    | Note
-------+----------+-------------------------------------------
     0 | D:1      | dangdung the Minotaur Berserker began the quest for the Orb.
     0 | D:1      | Reached XP level 1. HP: 19/19 MP: 0/0
   181 | D:1      | Reached XP level 2. HP: 27/27 MP: 1/1
   209 | D:1      | Reached skill level 4 in Long Blades
   698 | D:2      | Found a basalt altar of Yredelemnul.
   769 | D:2      | Noticed Terence
   785 | D:2      | Killed Terence
   785 | D:2      | Reached XP level 3. HP: 33/33 MP: 2/2
   943 | D:2      | Reached ** piety under Trog
   943 | D:2      | Reached XP level 4. HP: 40/40 MP: 3/3
  1010 | D:2      | Found a runed door.
  1014 | D:2      | Noticed Crazy Yiuf
  1020 | D:2      | Killed Crazy Yiuf
  1472 | D:3      | Noticed Zaque's ghost (amateur DsMo)
  1490 | D:3      | Killed Zaque's ghost
  1490 | D:3      | Reached skill level 5 in Fighting
  1490 | D:3      | Reached XP level 5. HP: 48/48 MP: 4/4
  1609 | D:3      | Found a deep blue altar of Sif Muna.
  1762 | D:3      | Reached XP level 6. HP: 56/56 MP: 5/5
  1785 | D:3      | Found a radiant altar of Vehumet.
  1925 | D:3      | Noticed Natasha
  1930 | D:3      | Killed Natasha
  2028 | D:4      | Noticed Dowan
  2029 | D:4      | Noticed Duvessa
  2044 | D:4      | Killed Duvessa
  2044 | D:4      | Reached skill level 5 in Armour
  2051 | D:4      | Killed Dowan
  2056 | D:4      | Reached XP level 7. HP: 43/63 MP: 6/6
  2230 | D:4      | Reached skill level 5 in Dodging
  2356 | D:4      | Found an opulent altar of Gozag.
  2516 | D:4      | Found a staircase to the Ecumenical Temple.
  2563 | D:4      | Reached *** piety under Trog
  2575 | D:4      | Noticed Robin
  2581 | D:4      | Killed Robin
  2762 | D:5      | Entered Level 5 of the Dungeon
  2795 | D:5      | Found a bloodstained altar of Trog.
  2846 | D:5      | Noticed Sigmund
  3021 | D:5      | Killed Sigmund
  3059 | D:5      | Reached XP level 8. HP: 60/73 MP: 7/7
  3245 | D:5      | Found a shattered altar of Ashenzari.
  3747 | D:6      | Received a gift from Trog
  3951 | D:6      | Found a hide-covered altar of Uskayaw.
  4197 | D:6      | Found a glowing golden altar of the Shining One.
  4197 | D:6      | Found a white marble altar of Elyvilon.
  4197 | D:6      | Found a glowing silver altar of Zin.
  4715 | D:7      | Noticed a hippogriff
  4725 | D:7      | Killed a hippogriff
  4725 | D:7      | Reached XP level 9. HP: 82/82 MP: 8/8
  4822 | D:7      | Found a shadowy altar of Dithmenos.
  5070 | D:8      | Reached skill level 5 in Long Blades
  5072 | D:8      | Reached **** piety under Trog
  5173 | D:8      | Found Pemealec's Magic Scroll Shoppe.
  5176 | D:8      | Bought a scroll of enchant armour for 105 gold pieces
  5176 | D:8      | Bought a scroll of identify for 28 gold pieces
  5176 | D:8      | Bought a scroll of enchant armour for 105 gold pieces
  5176 | D:8      | Bought a scroll of enchant armour for 105 gold pieces
  5176 | D:8      | Bought a scroll of magic mapping for 49 gold pieces
  5241 | D:8      | Reached skill level 6 in Long Blades
  5273 | D:8      | Reached skill level 7 in Long Blades
  5280 | D:8      | Found a staircase to the Lair.
  5310 | D:8      | Reached XP level 10. HP: 73/93 MP: 9/9
  5371 | D:8      | Found a shimmering altar of Xom.
  5371 | D:8      | Found an iron altar of Okawaru.
  5382 | D:8      | Found Bawn's Book Shoppe.
  5411 | D:8      | Reached skill level 10 in Fighting
  5411 | D:8      | Reached skill level 8 in Long Blades
  5431 | D:8      | Found Onuat's General Store.
  5480 | D:8      | Found Foixor's Book Shop.
  5625 | D:8      | Found Rucrir's Magic Scroll Shoppe.
  5641 | D:8      | Bought a scroll of identify for 24 gold pieces
  5834 | D:9      | Noticed Erolcha
  5850 | D:9      | Killed Erolcha
  5850 | D:9      | Reached skill level 10 in Armour
  5956 | D:9      | Reached skill level 9 in Long Blades
  6029 | D:9      | You fall through a shaft!
  6029 | D:10     | Entered Level 10 of the Dungeon
  6656 | D:10     | Noticed a gargoyle
  6668 | D:10     | Killed a gargoyle
  6754 | D:10     | Noticed a two-headed ogre
  6763 | D:10     | Killed a two-headed ogre
  6763 | D:10     | Reached skill level 10 in Long Blades
  6782 | D:10     | Reached ***** piety under Trog
  6825 | D:10     | Reached XP level 11. HP: 101/101 MP: 10/10
  6969 | D:10     | Found a shimmering altar of Xom.
  6971 | D:10     | Found a shimmering altar of Xom.
  6971 | D:10     | Found a shimmering altar of Xom.
  6973 | D:10     | Found a hide-covered altar of Uskayaw.
  6973 | D:10     | Found a hazy altar of Hepliaklqana.
  6973 | D:10     | Found a radiant altar of Vehumet.
  7448 | D:11     | Found Riymauw's Serpentskin Sales.
  7511 | D:11     | Reached skill level 10 in Dodging
  7634 | D:11     | Received a gift from Trog
  7825 | D:11     | Reached skill level 11 in Long Blades
  8198 | D:12     | Received a gift from Trog
  8433 | D:12     | Noticed a two-headed ogre
  8460 | D:12     | Killed a two-headed ogre
  8502 | D:12     | Noticed Rrauwl's ghost (journeyman HOBe)
  8550 | D:12     | Killed Rrauwl's ghost
  8550 | D:12     | Reached skill level 12 in Long Blades
  8701 | D:12     | Found a staircase to the Orcish Mines.
  8827 | D:12     | Got a slimy falchion
  8828 | D:12     | Identified the +7 falchion "Iluutz" {freeze, Str+2 Int+4} (You found it on level 12 of the Dungeon)
  9081 | D:12     | Reached XP level 12. HP: 103/112 MP: 11/11
  9281 | Lair:1   | Entered Level 1 of the Lair of Beasts
  9509 | Lair:1   | Gained mutation: You are weak. (Str -2) [potion of mutation]
  9509 | Lair:1   | Gained mutation: You can translocate small distances at will. [potion of mutation]
 10108 | Lair:2   | Noticed an eight-headed hydra
 10117 | Lair:2   | Noticed Fannar
 10130 | Lair:1   | Killed a nine-headed hydra
 10301 | Lair:2   | Killed Fannar
 10356 | Lair:2   | Found a labyrinth entrance.
 10377 | Lab      | Entered a labyrinth
 10555 | Lab      | Reached skill level 13 in Long Blades
 10774 | Lab      | Noticed a minotaur
 10781 | Lab      | Killed a minotaur
 10822 | Lab      | Got a transparent golden amulet
 10822 | Lab      | Got a twitching turquoise ring
 10822 | Lab      | Got a heavily runed silver ring
 10827 | Lab      | Identified the amulet of Divine Compulsion {Spirit Str+7 Int+3 Stlth-} (You found it in a labyrinth)
 10828 | Lab      | Identified the ring of the Sun {AC+2 Str+5} (You found it in a labyrinth)
 10829 | Lab      | Identified the ring of Quuts {+Inv rPois MP-9 Str+5} (You found it in a labyrinth)
 11052 | Lair:2   | Noticed Nergalle
 11060 | Lair:2   | Killed Nergalle
 11708 | Lair:3   | Noticed a seven-headed hydra
 11713 | Lair:3   | Killed a seven-headed hydra
 12020 | Lair:3   | Reached skill level 14 in Long Blades
 12366 | Lair:4   | Found a hole to the Spider Nest.
 12514 | Lair:4   | Found a staircase to the Swamp.
 12634 | Lair:4   | Received a gift from Trog
 12969 | Lair:5   | Noticed Urug
 12978 | Lair:5   | Killed Urug
 12978 | Lair:5   | Reached XP level 13. HP: 93/122 MP: 3/12
 13266 | Lair:5   | Found a staircase to the Slime Pits.
 13656 | Lair:6   | Entered Level 6 of the Lair of Beasts
 14010 | Lair:6   | Reached ****** piety under Trog
 14087 | Lair:6   | Received a gift from Trog
 14115 | Lair:6   | Noticed Kirke
 14120 | Lair:6   | Reached skill level 15 in Long Blades
 14488 | Lair:6   | Killed Kirke
 15616 | Orc:1    | Entered Level 1 of the Orcish Mines
 15679 | Orc:2    | Entered Level 2 of the Orcish Mines
 15708 | Orc:2    | Found a staircase to the Elven Halls.
 15727 | Orc:2    | Reached XP level 14. HP: 93/132 MP: 2/13
 16272 | Orc:2    | Received a gift from Trog
 17582 | Orc:2    | Found Reitt's Jewellery Shop.
 17585 | Orc:2    | Found Jefet's Book Boutique.
 17586 | Orc:2    | Found Girol's Antique Weapon Shop.
 17587 | Orc:2    | Found Hathrad's Weapon Shop.
 17716 | Orc:2    | Bought the ring "Wilegeke" {rPois rC++ EV+5 Str-4 Slay+3} for 1054 gold pieces
 17846 | Orc:1    | You fall through a shaft!
 17889 | Orc:1    | Noticed Snorg
 17899 | Orc:1    | Killed Snorg
 18232 | Orc:1    | Found a roughly hewn altar of Beogh.
 18237 | Orc:1    | Received a gift from Trog
 18685 | D:12     | Reached skill level 16 in Long Blades
 18748 | D:13     | Reached skill level 15 in Fighting
 19225 | D:13     | Found Feamp's Food Boutique.
 19414 | D:13     | Found a sparkling altar of Nemelex Xobeh.
 19593 | D:14     | Found a gate to the Vaults.
 19676 | D:14     | Received a gift from Trog
 19762 | D:14     | Reached skill level 17 in Long Blades
 20136 | D:14     | Reached XP level 15. HP: 129/143 MP: 4/14
 20232 | D:14     | Got an ichor-stained scale mail
 20643 | D:15     | Entered Level 15 of the Dungeon
 21474 | D:15     | Reached skill level 18 in Long Blades
 21962 | D:15     | Found a staircase to the Depths.
 22396 | Swamp:1  | Entered Level 1 of the Swamp
 22414 | Swamp:1  | Received a gift from Trog
 23385 | Swamp:2  | Reached skill level 19 in Long Blades
 23429 | Swamp:2  | Got a jewelled war axe
 23430 | Swamp:2  | Identified the +6 war axe "Luafamp" {freeze, rF+ Dex+2} (You found it on level 2 of the Swamp)
 23589 | Swamp:2  | Paralysed by a hornet for 1 turns
 23971 | Swamp:3  | Noticed a thorn hunter
 23992 | Swamp:3  | Killed a thorn hunter
 24577 | Swamp:4  | Entered Level 4 of the Swamp
 24612 | Swamp:4  | Noticed a thorn hunter
 24614 | Swamp:4  | Reached XP level 16. HP: 137/155 MP: 4/15
 24759 | Swamp:3  | Received a gift from Trog
 24777 | Swamp:4  | Killed a thorn hunter
 24788 | Swamp:4  | Reached skill level 20 in Long Blades
 25094 | Swamp:4  | Noticed a thorn hunter
 25108 | Swamp:4  | Killed a thorn hunter
 25241 | Swamp:4  | Got a decaying rune of Zot
 25778 | Spider:1 | Entered Level 1 of the Spider Nest
 25931 | D:8      | Bought 3 scrolls of enchant armour for 270 gold pieces
 26312 | Spider:1 | Reached skill level 21 in Long Blades
 26397 | Spider:1 | Received a gift from Trog
 27384 | Spider:3 | Noticed Arachne
 27396 | Spider:3 | Killed Arachne
 27508 | Spider:3 | Received a gift from Trog
 27552 | Spider:3 | Reached XP level 17. HP: 143/166 MP: 4/16
 28043 | Spider:4 | Entered Level 4 of the Spider Nest
 28104 | Spider:4 | Reached skill level 22 in Long Blades
 29265 | Spider:4 | Received a gift from Trog
 29674 | Spider:4 | Paralysed by a hornet for 3 turns
 29844 | Spider:4 | Reached skill level 23 in Long Blades
 29848 | Spider:4 | Got a gossamer rune of Zot
 30280 | Vaults:1 | Entered Level 1 of the Vaults
 30468 | Vaults:1 | Received a gift from Trog
 30855 | Vaults:1 | Reached XP level 18. HP: 138/178 MP: 4/17
 31096 | Vaults:1 | Received a gift from Trog
 31118 | Vaults:1 | Reached skill level 24 in Long Blades
 31135 | Vaults:1 | Reached skill level 15 in Armour
 31795 | Vaults:1 | Received a gift from Trog
 32491 | Vaults:2 | Found a staircase to the Crypt.
 33011 | Vaults:2 | Received a gift from Trog
 33116 | Vaults:2 | Reached skill level 15 in Dodging
 33234 | Vaults:2 | Reached XP level 19. HP: 181/188 MP: 6/18
 33521 | Vaults:2 | Received a gift from Trog
 34451 | Vaults:3 | Received a gift from Trog
 34572 | Vaults:3 | Noticed Sojobo
 34642 | Vaults:3 | Killed Sojobo
 34860 | Vaults:3 | Found Wuvoosk's Weapon Shop.
 35033 | Vaults:3 | Noticed Jorgrun
 35041 | Vaults:3 | Killed Jorgrun
 35199 | Vaults:3 | Noticed Mara
 35227 | Vaults:3 | Killed Mara
 35528 | Vaults:4 | Received a gift from Trog
 35595 | Vaults:4 | Reached XP level 20. HP: 174/200 MP: 6/19
 35900 | Vaults:4 | Received a gift from Trog
 36143 | Vaults:4 | Found a ruined gateway.
 36166 | Desolati | Entered the Desolation of Salt
 36923 | Vaults:4 | Received a gift from Trog
 37013 | Vaults:4 | Found Vitaoc's Armour Boutique.
 37022 | Vaults:4 | Bought a +0 cloak of magic resistance for 172 gold pieces
 37194 | Vaults:4 | Noticed Boris
 37721 | Vaults:4 | Found the +8 glaive of the Guard {elec, +Rage AC+5 SInv}
 37757 | Vaults:4 | Identified the Reference Book on Excruciating Dislocation
 37808 | Vaults:4 | Killed Boris
 38501 | Elf:1    | Entered Level 1 of the Elven Halls
 38729 | Elf:1    | Noticed surr's ghost (adept KoCK)
 38759 | Elf:1    | Killed surr's ghost
 39055 | Elf:1    | Received a gift from Trog
 39392 | Elf:1    | Reached XP level 21. HP: 211/211 MP: 6/20
 40097 | Elf:2    | Found a runed gate.
 40116 | Elf:2    | Found a runed gate.
 40116 | Elf:2    | Found a runed gate.
 40205 | Elf:2    | Received a gift from Trog
 40257 | Elf:2    | Cast into level 3 of the Abyss (a distortion unwield)
 40257 | Abyss:3  | Found a glowing golden altar of the Shining One.
 40481 | Abyss:3  | Noticed a profane servitor
 40635 | Elf:2    | Escaped the Abyss
 40964 | Elf:2    | Found a gateway to a bazaar.
 40973 | Bazaar   | Entered a bazaar
 40973 | Bazaar   | Found Rekikhlu's Armour Boutique.
 40973 | Bazaar   | Found Pefiumuch's General Store.
 40995 | Bazaar   | Found Gysch's Weapon Shop.
 41003 | Bazaar   | Found Noreock's Antique Armour Shoppe.
 41011 | Bazaar   | Found Doinuhirgh's Distillery.
 41333 | Elf:2    | Received a gift from Trog
 41353 | Elf:2    | Identified the +2 dagger "Josyoc" {elec, rPois Stlth+} (Trog gifted it to you on level 2 of the Elven Halls)
 41879 | Elf:3    | Entered Level 3 of the Elven Halls
 42127 | Elf:3    | Received a gift from Trog
 42870 | Elf:3    | Noticed Jessica
 42880 | Elf:3    | Killed Jessica
 43010 | Elf:3    | HP: 8/213 [???[a deep elf demonologist] (4)]
 43028 | Elf:3    | HP: 1/213 [deep elf master archer/arrow (19)]
 43028 | Elf:3    | Slain by a fire elemental

Skill      XL: |  1  2  3  4  5  6  7  8  9 10 11 12 13 14 15 16 17 18 19 20 21 |
---------------+----------------------------------------------------------------+-----
Long Blades    | 4 7 10 12 14 15 17 19 21 23 24 | 24.5
Fighting       | 4 5 6 7 8 9 10 11 13 14 15 17 18 19 20 21 23 | 23.7
Armour         | 3 4 5 6 8 9 10 11 12 14 16 17 19 20 | 20.3
Dodging        | 4 6 7 8 9 10 11 13 15 16 18 | 18.9

Action                   |  1- 3 |  4- 6 |  7- 9 | 10-12 | 13-15 | 16-18 | 19-21 || total
-------------------------+-------+-------+-------+-------+-------+-------+-------++-------
Melee: Falchion          |    67 |       |       |       |       |       |       ||    67
       Headbutt          |    11 |    19 |    89 |   149 |   310 |   340 |   361 ||  1279
       Rapier            |       |    83 |   287 |       |       |       |       ||   370
       Long sword        |       |       |    88 |    81 |       |       |       ||   169
       Scimitar          |       |       |       |   442 |   333 |       |       ||   775
       Demon blade       |       |       |       |    97 |       |       |       ||    97
       Unarmed           |       |       |       |       |     6 |       |       ||     6
       Great sword       |       |       |       |       |   189 |    32 |       ||   221
       Triple sword      |       |       |       |       |   429 |   978 |  1114 ||  2521
Throw: Tomahawk          |       |       |       |     1 |       |       |       ||     1
Invok: Berserk           |     2 |     3 |     8 |    10 |     4 |     1 |     2 ||    30
       Trog's Hand       |       |     1 |     1 |       |     2 |     9 |    23 ||    36
       Burn Spellbooks   |       |       |       |     4 |     3 |     1 |     2 ||    10
       Brothers in Arms  |       |       |       |     2 |     3 |       |     4 ||     9
 Abil: Blink             |       |       |       |     1 |     2 |       |    17 ||    20
Evoke: Wand              |       |       |       |     7 |     6 |       |     6 ||    19
  Use: Scroll            |       |     3 |    16 |    14 |     7 |    10 |    13 ||    63
       Potion            |       |       |       |     1 |       |       |    12 ||    13
  Eat: Chunk             |     2 |     6 |    16 |    16 |    25 |    20 |    23 ||   108
       Ration            |       |       |     1 |     9 |     6 |     4 |     6 ||    26
Armor: Chain mail        |    24 |       |       |       |       |       |       ||    24
       Plate armour      |    11 |    48 |   105 |       |       |       |       ||   164
       Crystal plate arm |       |       |   119 |   348 |   673 |   717 |   562 ||  2419
Dodge: Dodged            |    29 |    30 |   133 |   219 |   797 |   834 |   885 ||  2927
Block: Other             |       |       |       |    27 |       |       |       ||    27
       Reflection        |       |       |       |     1 |       |       |       ||     1
       Rpst.: Falchion   |     6 |       |       |       |       |       |       ||     6
       Long sword        |       |       |     5 |    11 |       |       |       ||    16
       Scimitar          |       |       |       |    41 |    35 |       |       ||    76
       Demon blade       |       |       |       |     8 |       |       |       ||     8
       Triple sword      |       |       |       |       |    82 |   146 |   183 ||   411
       Great sword       |       |       |       |       |    27 |     4 |       ||    31
